 Dungeon Crawl Stone Soup version 0.29.1-15-g9cfb28693d (webtiles) character file.

Game seed: 942409093126949701

387 EarthwalkerPL the Covered (level 6, -7/56 HPs)
             Began as a Minotaur Fighter on Apr 11, 2023.
             Mangled by an ogre
             ... wielding a +0 giant club
              (21 damage)
             ... on level 4 of the Dungeon.
             The game lasted 00:03:04 (2180 turns).

EarthwalkerPL the Covered (Minotaur Fighter)        Turns: 2180, Time: 00:03:04

Health: -7/56      AC: 12    Str: 22    XL:     6   Next: 49%
Magic:  5/5        EV:  9    Int:  5    God:
Gold:   130        SH:  4    Dex: 10    Spells: 5/5 levels left

rFire   . . .      SeeInvis .   a - +0 war axe
rCold   . . .      Faith    .   c - +0 buckler
rNeg    . . .      Spirit   .   b - +0 scale mail
rPois   .          Reflect  .   q - +2 hat
rElec   .          Harm     .   f - +0 cloak
rCorr   .          Rampage  .   k - +0 pair of gloves
Will    .....                   (no boots)
Stlth   ..........              (no amulet)
HPRegen 0.18/turn               (no ring)
MPRegen 0.09/turn               (no ring)

@: no status effects
A: horns 2, retaliatory headbutt
a: no special abilities


You were on level 4 of the Dungeon.
You visited 1 branch of the dungeon, and saw 4 of its levels.

You collected 130 gold pieces.

Inventory:

Hand Weapons
 a - a +0 war axe (weapon)
Missiles
 g - 3 poisoned darts (quivered)
 w - 2 javelins
Armour
 b - a +0 scale mail (worn)
 c - a +0 buckler (worn)
 f - a +0 cloak (worn)
 k - a +0 pair of gloves (worn)
 q - a +2 hat (worn)
Wands
 s - a wand of flame (18)
 t - a wand of charming (4)
Scrolls
 h - 8 scrolls of identify {unknown}
 j - a scroll of silence {unknown}
 m - a scroll of enchant weapon {unknown}
 n - 2 scrolls of enchant armour {unknown}
 p - a scroll of teleportation {unknown}
 u - a scroll of noise {unknown}
 v - a scroll of blinking {unknown}
Potions
 d - a potion of might
 e - 2 potions of flight {unknown}
 i - a potion of degeneration {unknown}
 l - a potion of curing {unknown}
 o - 2 potions of mutation {unknown}
 r - 2 potions of experience {unknown}


   Skills:
 * Level 5.5 Fighting
 * Level 4.8 Axes
 * Level 5.8 Armour
 + Level 4.6 Shields


You had 5 spell levels left.
You didn't know any spells.
Your spell library contained the following spells:

 Spells                   Type           Power      Damage    Failure   Level
 Beastly Appendage        Tmut           0%         N/A       86%         1
 Wereblood                Tmut           0%         N/A       95%         2
 Spider Form              Tmut/Pois      0%         N/A       99%         3


Dungeon Overview and Level Annotations

Branches:
Dungeon (4/15)
 Temple: D:4-7

Altars:
Ashenzari
Cheibriados

Portals:
Abyss: D:4


Innate Abilities, Weirdness & Mutations

You have a pair of horns on your head.
You reflexively headbutt those who attack you in melee.


Message History

An ogre comes into view. It is wielding a +0 giant club.
A gnoll comes into view. It is wielding a +0 halberd.
A gnoll comes into view. It is wielding a +0 club.
The gnoll shouts!
The gnoll hits you with a +0 spear.
You slash the gnoll!
The gnoll is severely wounded.
The gnoll hits you from afar with a +0 halberd.
The gnoll closely misses you. You furiously retaliate!
You headbutt the gnoll. The ogre hits you with a +0 giant club!
The gnoll hits you but does no damage.
You slash the gnoll!
You kill the gnoll!
You closely miss the ogre. You barely miss the ogre. You barely miss the gnoll.
The ogre completely misses you. You block the gnoll's attack.
The gnoll hits you with a +0 club.
You hit the ogre.
The ogre is lightly wounded.
You slash the gnoll!
The ogre hits you with a +0 giant club!!
* * * LOW HITPOINT WARNING * * *
You block the gnoll's attack. The gnoll closely misses you.
You are too injured to fight recklessly!
Unknown command.
You hit the ogre. You headbutt the ogre.
The ogre is moderately wounded.
You closely miss the gnoll. The gnoll closely misses you.
You block the gnoll's attack. You block the ogre's attack.
The gnoll closely misses you. The gnoll barely misses you.
You barely miss the ogre.
The ogre is moderately wounded.
You slash the gnoll!
You kill the gnoll!
The gnoll barely misses you. The ogre barely misses you.
You hit the ogre.
You headbutt the ogre, but do no damage.
The ogre is moderately wounded.
The gnoll barely misses you.
The ogre hits you with a +0 giant club!!
You die...

....###.##..#
########.###.#...#.#
...............# #.#
########.###...#
#.##### #.###...#
....... #.....#.#
....... ####..#.#
.g.....
######.##.##)......
............@O......
..###....#.########.
#...#..........#
...############.#
#.## #.K. # #..∩.
##..§# ##§##


You could see an ogre and a gnoll.

Vanquished Creatures
  Grinder (D:3)
  A hound (D:4)
  3 gnolls
  4 adders
  3 worms
  A dart slug (D:1)
  4 orcs
  A ball python (D:4)
  5 bats
  5 endoplasms
  3 giant cockroaches
  7 goblins
  6 hobgoblins
  7 jackals
  3 quokkas
  7 frilled lizards
  10 kobolds
  3 rats
74 creatures vanquished.

Notes
Turn   | Place    | Note
-------+----------+-------------------------------------------
     0 | D:1      | EarthwalkerPL the Minotaur Fighter began the quest for the
                  | Orb.
     0 | D:1      | Reached XP level 1. HP: 19/19 MP: 0/0
   110 | D:1      | Reached XP level 2. HP: 21/27 MP: 1/1
   278 | D:1      | Reached XP level 3. HP: 23/33 MP: 2/2
   901 | D:2      | Reached XP level 4. HP: 41/41 MP: 3/3
  1186 | D:2      | Found a snail-covered altar of Cheibriados.
  1373 | D:3      | Noticed Grinder
  1566 | D:3      | Killed Grinder
  1567 | D:3      | Reached skill level 5 in Fighting
  1567 | D:3      | Reached skill level 5 in Armour
  1567 | D:3      | Reached XP level 5. HP: 39/48 MP: 4/4
  1567 | D:3      | Reached XP level 6. HP: 45/56 MP: 5/5
  1783 | D:3      | Found a broken altar of Ashenzari.
  2167 | D:4      | Found a one-way gate to the infinite horrors of the Abyss.
  2180 | D:4      | Mangled by an ogre

Illustrated notes

Levels and vault maps discovered:
D:1:      amcnicky_arrival_choice, layout_rooms
D:2:      layout_rooms, basic_altar, guppyfry_early_orc_mine
D:3:      layout_basic, mainiacjoe_overflow_surrounded_room, uniq_grinder
D:4:      due_chaos_kobolds, layout_basic, grunt_decor_fettered, uniq_robin,
          uniq_duvessa, uniq_edmund, uniq_crazy_yiuf_cottage

Skill      XL: |  1  2  3  4 |
---------------+-------------+-----
Axes           | 3 4 |  4.8
Armour         | 4 5 |  5.8
Fighting       | 4 5 |  5.5
Shields        | 4 |  4.6

Action                   |  1- 3 |  4- 6 || total
-------------------------+-------+-------++-------
Melee: War axe           |    74 |    92 ||   166
       Headbutt          |     9 |    15 ||    24
Armor: Scale mail        |    42 |    34 ||    76
Dodge: Dodged            |    34 |    35 ||    69
Block: Buckler           |     8 |    28 ||    36
